 Dungeon Crawl Stone Soup version 0.31-a0-986-g5e6e4ef867 (webtiles) character file.

Game seed: 3928356643679951997

597461 laschroeter the Conqueror (level 25, -24/247 (257) HPs)
             Began as a Minotaur Berserker on Nov 9, 2023.
             Was a High Priest of Trog.
             Killed from afar by an orb of fire (123 damage)
             ... with a fireball
             ... on level 1 of the Realm of Zot on Nov 10, 2023.
             The game lasted 05:06:28 (63223 turns).

laschroeter the Conqueror (Minotaur Berserker)     Turns: 63223, Time: 05:06:29

HP:   -24/247 (257) AC: 47    Str: 30    XL:     25   Next: 86%
MP:   17/17         EV: 21    Int: 14    God:    Trog [*****.]
Gold: 5796          SH: 30    Dex: 16    Spells: 24/24 levels left

rFire   x . .        Y - +9 broad axe (drain)
rCold   + + +        H - +7 tower shield of Untruth {-Cast Rampage rCorr Slay+6}
rNeg    . . .        G - +5 plate armour of Lies {Rampage +Blink Will++ Dex+4}
rPois   +            E - +2 hat
rElec   .            U - +2 cloak {rC+}
rCorr   +            y - +2 pair of gloves
SInv    .            d - +4 pair of boots "Eqoorchya" {rC+ Int+4}
Will    +++..        f - amulet of regeneration Stlth
                     V - +4 ring of protection
HPRegen 1.41/turn    w - ring "Zalighiq" {rPois rF+ rC+ Int+6 Slay+2}
MPRegen 0.15/turn

%: no spellcasting, rampage
@: studying Axes, lightly drained
A: horns 2, retaliatory headbutt, deterioration 1, dopey 1, low MP 2, screaming
1, heat vulnerability 2, subdued magic 1, inability to drink after injury 1
}: 4/15 runes: decaying, serpentine, slimy, silver
a: Renounce Religion, Evoke Blink, Berserk, Trog's Hand, Brothers in Arms


You were on level 1 of the Realm of Zot.
You worshipped Trog.
Trog was extremely pleased with you.
You visited 11 branches of the dungeon, and saw 51 of its levels.
You visited the Abyss 1 time.
You visited 1 bazaar.
You also visited: Ossuary and Ice Cave.

You collected 9647 gold pieces.
You spent 3851 gold pieces at shops.

Inventory:

Hand Weapons
 D - a +4 war axe of flaming
 L - a +9 broad axe of flaming
 Y - a +9 broad axe of draining (weapon)
Armour
 d - the +4 pair of boots "Eqoorchya" (worn) {rC+ Int+4}
   (You found it on level 3 of the Dungeon)

   Int+4:     It affects your intelligence (+4).
   rC+:       It protects you from cold.
 y - a +2 pair of gloves (worn)
 E - a +2 hat (worn)
 G - the +5 plate armour of Lies (worn) {Rampage +Blink Will++ Dex+4}
   (You found it on level 3 of the Elven Halls)

   Dex+4:     It affects your dexterity (+4).
   Will++:    It greatly increases your willpower.
   +Blink:    It lets you blink.
   Rampage:   It bestows one free step when moving towards enemies.
 H - the +7 tower shield of Untruth (worn) {-Cast Rampage rCorr Slay+6}
   (You found it on level 15 of the Dungeon)

   Slay+6:    It affects your accuracy & damage with ranged weapons and melee
   (+6).
   -Cast:     It prevents spellcasting.
   rCorr:     It protects you from acid and corrosion.
   Rampage:   It bestows one free step when moving towards enemies.
 U - a +2 cloak of cold resistance (worn)
Jewellery
 f - an amulet of regeneration (around neck)
 k - a ring of flight
 p - the ring of Xom's Ringing Laughter {Str+4 Dex+6}
   (You found it on level 5 of the Pits of Slime)

   [ring of dexterity]

   Str+4:     It affects your strength (+4).
   Dex+6:     It affects your dexterity (+6).
 w - the ring "Zalighiq" (right hand) {rPois rF+ rC+ Int+6 Slay+2}
   (You bought it in a shop on level 2 of the Snake Pit)

   [ring of intelligence]

   Int+6:     It affects your intelligence (+6).
   Slay+2:    It affects your accuracy & damage with ranged weapons and melee
   (+2).
   rF+:       It protects you from fire.
   rC+:       It protects you from cold.
   rPois:     It protects you from poison
 I - the ring of Lyorch {rPois rF+ rN+ MP+9 Str+3}
   (You found it on level 5 of the Pits of Slime)

   [ring of positive energy]

   Str+3:     It affects your strength (+3).
   rF+:       It protects you from fire.
   rPois:     It protects you from poison rN+: It protects you from negative
   energy.
   MP+9:      It affects your magic capacity (+9).
 V - a +4 ring of protection (left hand)
Wands
 C - a wand of flame (110) (quivered)
 J - a wand of digging (33)
 N - a wand of polymorph (46)
 R - a wand of mindburst (11)
 S - a wand of charming (41)
Scrolls
 a - 5 scrolls of fear
 b - 11 scrolls of immolation
 c - 6 scrolls of enchant weapon
 e - 4 scrolls of summoning
 l - 11 scrolls of teleportation
 s - 11 scrolls of enchant armour
 v - 2 scrolls of silence
 z - 3 scrolls of fog
 B - 2 scrolls of torment
 K - 9 scrolls of revelation
 O - 8 scrolls of blinking
 P - 7 scrolls of poison
Potions
 g - 3 potions of lignification
 h - 3 potions of haste
 i - 2 potions of resistance
 j - 6 potions of might
 n - 10 potions of attraction
 o - 3 potions of magic
 q - 10 potions of mutation
 t - 9 potions of heal wounds
 u - 30 potions of curing
 x - 6 potions of berserk rage
 A - 2 potions of cancellation
 F - 6 potions of brilliance
 M - 7 potions of enlightenment
 Q - 2 potions of invisibility
 X - 4 potions of ambrosia
Miscellaneous
 m - a box of beasts (inert)
 r - a lightning rod (4/4)
 T - a phial of floods
 W - a phantom mirror
 Z - a tin of tremorstones (2/2)


   Skills:
 O Level 27 Fighting
 + Level 17.4(18.7) Axes
 - Level 11.2(15.6) Maces & Flails
 - Level 3.3(11.9) Polearms
 O Level 27 Armour
 + Level 26.1 Dodging
 + Level 23.5 Shields
 + Level 16.2 Evocations


You had 24 spell levels left.
You didn't know any spells.
Your spell library contained the following spells:

 Spells                   Type           Power      Damage    Failure   Level
 Freeze                   Ice            0%         1d3       65%         1
 Magic Dart               Conj           0%         1d3       65%         1
 Summon Small Mammal      Summ           0%         N/A       65%         1
 Call Imp                 Summ           0%         N/A       80%         2
 Cigotuvi's Dreadful Rot  Necr/Pois/Air  0%         N/A       80%         2
 Ensorcelled Hibernation  Hex/Ice        0%         N/A       80%         2
 Searing Ray              Conj           0%         2d4       80%         2
 Static Discharge         Conj/Air       0%         3-3/arc   80%         2
 Wereblood                Tmut           0%         N/A       80%         2
 Call Canine Familiar     Summ           0%         N/A       95%         3
 Frozen Ramparts          Ice            0%         1d1       95%         3
 Hailstorm                Conj/Ice       0%         3d3       95%         3
 Ignite Poison            Fire/Tmut/Pois 0%         N/A       95%         3
 Mephitic Cloud           Conj/Pois/Air  0%         N/A       95%         3
 Ozocubu's Armour         Ice            0%         N/A       95%         3
 Summon Guardian Golem    Hex/Summ       0%         N/A       95%         3
 Airstrike                Air            0%         2d(0-16)  100%        4
 Fulminant Prism          Conj/Hex       0%         3d5       100%        4
 Passage of Golubria      Tloc           0%         N/A       100%        4
 Summon Lightning Spire   Summ/Air       0%         N/A       100%        4
 Arcjolt                  Conj/Air       0%         1d10      100%        5
 Freezing Cloud           Conj/Ice/Air   0%         6-21      100%        5
 Irradiate                Conj/Tmut      0%         3d11      100%        5
 Metabolic Englaciation   Hex/Ice        0%         N/A       100%        5
 Silence                  Hex/Air        0%         N/A       100%        5
 Yara's Violent Unravell  Hex/Tmut       0%         3d3       100%        5
 Eringya's Noxious Bog    Tmut/Pois      0%         4d6       100%        6
 Plasma Beam              Fire/Air       0%         2x1d10    100%        6
 Simulacrum               Ice/Necr       0%         N/A       100%        6
 Starburst                Conj/Fire      0%         6d3       100%        6
 Ignition                 Fire           0%         3d3       100%        8
 Lehudib's Crystal Spear  Conj/Erth      0%         10d2      100%        8


Dungeon Overview and Level Annotations

Branches:
Dungeon (15/15)            Temple (0/1) D:4            Lair (5/5) D:11
  Swamp (4/4) Lair:3        Snake (4/4) Lair:3        Slime (5/5) Lair:4
    Orc (2/2) D:12            Elf (3/3) Orc:2        Vaults (5/5) D:14
  Crypt (3/3) Vaults:2       Tomb (0/3) Crypt:3      Depths (4/4) D:15
    Zot (1/5) Depths:4    Ossuary (visited)           IceCv (visited)

Altars:
Cheibriados
Dithmenos
Fedhas
Hepliaklqana
Kikubaaqudgha
Nemelex Xobeh
Qazlal
Ru
Sif Muna
Uskayaw
Vehumet
Wu Jian
Xom
Yredelemnul
Jiyva

Shops:
D:4 :   D:9 =   D:13 ?   Orc:1 !   Orc:2 (:*[   Elf:3 (   Snake:2 =:=
Vaults:1 (   Vaults:5 ??!   Depths:3 :

Portals:
Hell: Depths:1 Depths:2 Depths:3 Depths:4
Abyss: Depths:1 Depths:3
Pandemonium: Depths:2 Depths:4
Ziggurat: Depths:3

Annotations:
Lair:1 exclusion: oklob plant
Lair:4 1 runed translucent door, Agan's ghost, journeyman MeSh
Lair:5 exclusion: obsidian statue
Zot:1 1 runed translucent door, Heerchaexodu's ghost, veteran OgBe


Innate Abilities, Weirdness & Mutations

You have a pair of horns on your head.
You reflexively headbutt those who attack you in melee.
Your body sometimes deteriorates upon taking damage.
You are dopey. (Int -2)
Your magical capacity is very low. (-20% MP)
You occasionally shout uncontrollably at your foes.
You are very vulnerable to heat. (rF--)
Your spells are a little easier to cast, but a little less powerful.
You occasionally lose the ability to drink potions when taking damage.


Message History

The bolt of fire hits you!!!! The fire burns you terribly!
You hit the orb of fire. You headbutt the orb of fire!
The orb of fire is moderately damaged.
You hit the orb of fire.
You headbutt the orb of fire, but do no damage.
The orb of fire is moderately damaged.
The orb of fire glows bright magenta.
The bolt of fire hits you but does no damage.
You hit the orb of fire but do no damage.
You headbutt the orb of fire, but do no damage.
The orb of fire is moderately damaged.
You slash the orb of fire! Your headbutt misses the orb of fire.
The orb of fire is heavily damaged.
You slice the orb of fire!! Your headbutt misses the orb of fire.
The orb of fire is severely damaged.
You closely miss the orb of fire.
You headbutt the orb of fire, but do no damage.
The orb of fire is severely damaged.
You closely miss the orb of fire. You headbutt the orb of fire!
The orb of fire is severely damaged.
The orb of fire glows deep purple.
The bolt of fire hits you!!! The fire burns you terribly!
You slice the orb of fire!! Your headbutt misses the orb of fire.
The orb of fire is almost destroyed.
You hit the orb of fire. Your headbutt misses the orb of fire.
The orb of fire is almost destroyed.
The orb of fire glows deep purple.
Strange energies course through your body.
You feel less energetic.
You slice the orb of fire!! Your headbutt misses the orb of fire.
The orb of fire is almost destroyed.
You hit the orb of fire but do no damage.
You headbutt the orb of fire.
The orb of fire is almost destroyed.
You hit the orb of fire but do no damage.
The orb of fire is almost destroyed.
The orb of fire emits a lurid red light.
The fireball explodes!
The fireball engulfs you!!!! The fire burns you terribly!
You die...

....#..#.#..#.########...........
#.#..#.#.##...#..................
.#..#..#)....#...................
.......#.#)#..#........^.........
.......#..#.##...................
#......#..).##########...........
##..........### #...........
###..?.......########..
###..........@*......
###................
####............. ##############


You could see an orb of fire.

Vanquished Creatures
  the Royal Jelly (Slime:5)
  3 dread liches (Vaults:5)
  Khufu (Crypt:3)
  Bai Suzhen (Vaults:4)
  Boris (twice) (Vaults:4 Depths:3)
  Sojobo (Depths:2)
  Margery (Crypt:3)
  Vashnia (Snake:3)
  A caustic shrike (Depths:3)
  3 golden dragons
  Norris (Depths:1)
  the Enchantress (Depths:2)
  3 profane servitors
  A bone dragon (Crypt:3)
  8 tentacled monstrosities
  Jorgrun (D:12)
  A walking crystal tome (Depths:3)
  3 liches
  2 deep elf master archers (Elf:3)
  3 quicksilver dragons
  4 titans (Vaults:5)
  4 sphinxes
  A walking divine tome (Depths:4)
  A tentacled starspawn (Abyss:2)
  22 acid blobs
  The ghost of Gadrel the Stormcaller, an adept TeHW of Gozag (Vaults:1)
  Kirke (Lair:4)
  4 death cobs (Zot:1)
  2 ancient champions
  Aizul (Snake:1)
  9 shadow dragons
  6 storm dragons
  Donald (Elf:3)
  7 tengu reavers
  2 nagarajas (Snake:4)
  A draconian knight (Zot:1)
  12 azure jellies
  7 fire giants
  Roxanne (Snake:4)
  4 revenants
  17 rockslimes
  2 balrugs
  8 frost giants
  2 draconian scorchers (Zot:1)
  15 vault wardens
  A caustic shrike zombie (Crypt:3)
  5 deep elf sorcerers
  7 draconian stormcallers (Zot:1)
  5 spectral caustic shrikes (Depths:1)
  3 deep elf elementalists (Elf:3)
  Louise (D:14)
  3 orc warlords
  A draconian shifter (Zot:1)
  9 quicksilver oozes
  2 iron dragons
  22 ironbound preservers
  2 curse skulls
  A caustic shrike skeleton (Crypt:2)
  3 vampire knights
  10 very ugly things
  5 spriggan defenders (Depths:2)
  2 draconian annihilators
  11 stone giants
  13 ghouls
  A juggernaut zombie (Crypt:3)
  2 reapers
  2 war gargoyles
  8 formless jellyfish
  5 ironbound thunderhulks
  A red draconian (Depths:4)
  4 eleionomae
  6 black draconians
  2 bunyips
  6 green draconians
  10 deep elf demonologists
  7 white draconians (Zot:1)
  7 yellow draconians
  4 spark wasps (Depths:4)
  2 deep elf annihilators (Elf:3)
  Snorg (D:14)
  2 pearl dragon zombies (Crypt:2)
  6 dire elephants
  5 purple draconians (Zot:1)
  A blizzard demon (Depths:3)
  3 crystal guardians
  A mummy priest (Crypt:3)
  Josephine (D:14)
  18 eidola
  15 yaktaur captains
  A green death (Depths:2)
  2 entropy weavers
  4 deep elf death magi (Elf:3)
  9 fire dragons
  3 merfolk javelineers
  6 ettins
  A quicksilver dragon zombie (Crypt:3)
  A shambling mangrove (Swamp:4)
  7 great orbs of eyes
  7 jiangshi
  4 spriggan zombies (Crypt:3)
  6 deep elf high priests
  7 ice dragons
  28 vault guards
  A rakshasa (Abyss:2)
  Fannar (Lair:2)
  Erolcha (Orc:1)
  A caustic shrike simulacrum (IceCv)
  Harold (D:11)
  9 centaur warriors
  21 hydras
  2 catoblepae
  5 spriggan air magi
  An ogre mage (Vaults:5)
  2 salamander tyrants (Snake:4)
  3 ghost crabs
  12 alligators
  18 anacondas
  3 two-headed ogres
  7 boulder beetles
  5 peacekeepers
  Erica (Lair:2)
  3 ironbound frosthearts
  26 dancing weapons
  8 death knights
  11 shock serpents
  5 death yaks
  2 deep troll shamans
  3 tengu warriors
  16 naga warriors
  6 deep troll earth magi
  3 titan zombies
  An orc high priest (Orc:2)
  3 hell hogs (Crypt:2)
  23 naga sharpshooters
  4 vampire magi
  15 deep elf knights
  5 spriggan berserkers
  Sonja (D:13)
  A soul eater (Crypt:2)
  3 sun demons
  23 hell knights
  2 shadow wraiths
  2 spectral death yaks (Lair:5)
  A spectral dire elephant (Lair:5)
  A salamander mystic (Snake:4)
  17 skeletal warriors
  7 skysharks
  A spark wasp zombie (Depths:3)
  6 iron trolls
  A bunyip zombie (Crypt:3)
  4 goliath frogs
  Lodul (D:10)
  69 deep trolls
  A sea snake (shapeshifter) (Depths:4)
  2 spriggan druids
  4 spriggan simulacra (IceCv)
  10 bog bodies
  2 glowing orange brains
  5 flayed ghosts
  9 naga ritualists
  13 swamp dragons
  A spectral anaconda (Lair:5)
  2 orange crystal statues
  17 ironbound convokers
  2 obsidian statues
  5 harpies
  An anaconda zombie (Crypt:3)
  A shadow dragon zombie (Crypt:1)
  11 deep elf archers
  12 necromancers
  9 arcanists
  2 shadow demons (Depths:4)
  26 phantasmal warriors
  16 lindwurms
  19 orc knights
  26 deep elf pyromancers
  A mana viper (shapeshifter) (Vaults:3)
  3 wolf spiders (Crypt:3)
  15 mana vipers
  A stone giant zombie (Vaults:2)
  29 ugly things
  21 deep elf zephyrmancers
  3 orc sorcerers (Orc:2)
  3 shining eyes
  6 cyclopes
  A frost giant zombie (Vaults:3)
  4 will-o-the-wisps
  12 salamanders
  5 moths of wrath (Zot:1)
  Maurice (D:11)
  3 manticores
  6 guardian serpents (Snake:4)
  37 black mambas
  4 apis skeletons (Crypt:2)
  A salamander (shapeshifter) (D:15)
  16 elephants
  22 vault sentinels
  An orange demon (Abyss:2)
  A gargoyle (D:14)
  4 dire elephant skeletons
  2 smoke demons
  2 dire elephant zombies
  A torpor snail (shapeshifter) (Depths:1)
  An eye of devastation (Slime:5)
  11 cane toads
  14 naga magi
  37 yaktaurs
  4 large abominations (Depths:3)
  A rime drake (Lair:3)
  17 freezing wraiths
  8 komodo dragons
  2 ancient zymes (Abyss:2)
  2 unseen horrors (Depths:3)
  3 efreet
  4 ice devils (IceCv)
  A golden dragon simulacrum (IceCv)
  2 guardian mummies (Crypt:3)
  2 tengu conjurers (Depths:2)
  A death yak skeleton (Crypt:2)
  6 meliai (D:13)
  A troll (shapeshifter) (D:15)
  14 tyrant leeches
  3 polar bears
  2 hydra zombies
  2 purple draconian skeletons
  7 trolls
  A wolf spider simulacrum (D:15)
  9 hornets
  3 saltlings (Orc:2)
  A harpy skeleton (Crypt:1)
  A spectral elephant (Lair:5)
  A tarantella (Vaults:4)
  5 blink frogs
  An alligator simulacrum (IceCv)
  3 glass eyes
  2 blink frogs (shapeshifter)
  An ettin zombie (Crypt:1)
  5 dream sheep (Lair:4)
  4 jumping spiders (Crypt:3)
  Sigmund (D:2)
  76 slime creatures
  5 flying skulls (Crypt:1)
  2 shadows (D:12)
  An ettin skeleton (Crypt:1)
  12 spriggans
  20 wraiths
  4 wyverns
  2 air elementals
  35 yaks
  11 redbacks
  8 water elementals
  4 vampires
  A satyr skeleton (Crypt:2)
  A black mamba skeleton (Crypt:1)
  A neqoxec (Abyss:2)
  2 fire elementals
  3 hogs (Lair:4)
  A dire elephant simulacrum (IceCv)
  7 golden eyes
  3 steam dragons
  A chaos spawn (Depths:3)
  2 redbacks (shapeshifter)
  13 vampire mosquitoes
  A minotaur simulacrum (IceCv)
  A basilisk (Lair:3)
  4 wargs
  An alligator snapping turtle simulacrum (Abyss:2)
  Edmund (D:6)
  2 naga zombies (Crypt:3)
  An acid dragon (D:12)
  2 harpy simulacra (IceCv)
  A fire bat zombie (Crypt:1)
  A spectral cane toad (Lair:5)
  16 swamp worms
  34 nagas
  18 water moccasins
  2 merfolk skeletons
  8 swamp drakes
  23 orc warriors
  A sky beast (D:8)
  2 elephant zombies (Lair:5)
  3 black bears
  A snapping turtle zombie (Crypt:1)
  2 boggarts (Vaults:2)
  An ettin simulacrum (IceCv)
  12 ogres
  24 centaurs
  A phantom (D:6)
  2 kobold brigands
  An elf zombie (Ossuary)
  13 bullfrogs
  3 cane toad simulacra (Lair:5)
  14 necrophages
  2 gnoll sergeants
  2 scorpions (D:5)
  5 deep troll simulacra (IceCv)
  An earth elemental (Elf:2)
  5 human skeletons
  10 wyvern skeletons (Crypt:3)
  10 small abominations
  5 wights (D:10)
  2 elephant simulacra (Lair:5)
  9 killer bees
  A polar bear skeleton (Crypt:2)
  2 electric eels (D:13)
  8 howler monkeys
  2 quasits (Abyss:2)
  3 hounds
  A human simulacrum (Vaults:3)
  4 centaur zombies
  11 orc priests
  2 jellies
  6 human zombies
  7 iguanas
  16 orc wizards
  7 hell rats
  5 mummies
  6 adders
  24 gnolls
  5 river rats (Lair:3)
  A shadow imp (D:6)
  A white imp (D:6)
  2 adder zombies (Ossuary)
  An iguana skeleton (Crypt:1)
  A lava snake skeleton (Crypt:1)
  A worm (D:3)
  4 dart slugs
  76 orcs
  7 ball pythons
  4 bats
  5 endoplasms
  6 goblins
  7 hobgoblins
  6 jackals (D:1)
  8 quokkas
  A ball python skeleton (Crypt:1)
  2 frilled lizards
  13 hobgoblin zombies (Ossuary)
  2 jackal zombies (Ossuary)
  16 kobolds
  7 kobold zombies (Ossuary)
  An orc skeleton (Crypt:2)
  7 orc zombies (Ossuary)
  3 rats
  A rat zombie (Ossuary)
  2 starspawn tentacles (Abyss:2)
2195 creatures vanquished.

Vanquished Creatures (collateral kills)
  Mara (Swamp:3)
  A royal mummy (Crypt:3)
  Saint Roka (Depths:4)
  Rupert (Lair:3)
  A tentacled monstrosity (Vaults:5)
  A sphinx (Vaults:5)
  2 deep elf blademasters (Elf:3)
  A titan (Vaults:5)
  A tengu reaver (Depths:2)
  An azure jelly (Slime:5)
  A frost giant (Vaults:5)
  A rockslime (Slime:5)
  A curse skull (Crypt:3)
  A vault warden (Vaults:5)
  A deep elf elementalist (Elf:3)
  A deep elf sorcerer (Elf:3)
  A stone giant (Vaults:5)
  2 reapers (IceCv)
  5 quicksilver oozes (Slime:5)
  A very ugly thing (Vaults:5)
  An ettin (Vaults:5)
  An entropy weaver (Vaults:5)
  The ghost of Uzyj the Nimble, a journeyman DjCK of Xom (D:11)
  2 vault guards
  3 yaktaur captains (Vaults:5)
  A great orb of eyes (Slime:5)
  A spriggan berserker (Swamp:4)
  A deep elf knight (Elf:1)
  A skeletal warrior (Crypt:3)
  6 deep elf archers
  A phantasmal warrior (D:14)
  An ironbound convoker (Vaults:5)
  2 orc knights (Orc:2)
  4 deep elf pyromancers (Elf:1)
  A deep elf zephyrmancer (Elf:1)
  A swamp dragon (Swamp:4)
  An orc sorcerer (Elf:1)
  A vault sentinel (Vaults:5)
  A warg (D:11)
  6 orc warriors
  A necrophage (Crypt:3)
  2 orc priests
  9 orcs
75 creatures vanquished.

Vanquished Creatures (others)
  A fire giant (Depths:4)
  A vault warden (Vaults:5)
  A draconian shifter (Depths:4)
  A spark wasp (Depths:4)
  A tengu warrior (Depths:4)
  2 deep elf knights
  A tengu conjurer (Depths:4)
  A dream sheep (Lair:4)
  A human (Lair:4)
  2 orc warriors
  A swamp drake (Swamp:4)
  An orc priest (D:11)
  3 orcs (D:11)
  A kobold (D:10)
  16 foxfires
  A starspawn tentacle (Abyss:2)
35 creatures vanquished.

Grand Total: 2305 creatures vanquished

Notes
Turn   | Place    | Note
-------+----------+-------------------------------------------
     0 | D:1      | laschroeter the Minotaur Berserker began the quest for the
                  | Orb.
     0 | D:1      | Reached XP level 1. HP: 19/19 MP: 0/0
    64 | D:1      | HP: 1/20 [goblin/+0 club (4)]
   160 | D:1      | Reached XP level 2. HP: 17/27 MP: 1/1
   932 | D:2      | Reached XP level 3. HP: 33/33 MP: 2/2
  1076 | D:2      | Found a basalt altar of Yredelemnul.
  1116 | D:2      | Reached ** piety under Trog
  1192 | D:2      | Found a faded altar of an unknown god.
  1312 | D:2      | Reached XP level 4. HP: 40/40 MP: 3/3
  1365 | D:2      | Noticed Sigmund
  1392 | D:2      | Killed Sigmund
  1393 | D:2      | Reached skill level 5 in Fighting
  1393 | D:2      | Reached skill level 5 in Axes
  1393 | D:2      | Reached XP level 5. HP: 15/48 MP: 4/4
  1395 | D:2      | Reached XP level 6. HP: 19/56 MP: 5/5
  2226 | D:3      | Identified the +4 pair of boots "Eqoorchya" {rC+ Int+4}
  2355 | D:3      | Found a shimmering altar of Xom.
  3008 | D:4      | Found Peisecs's Self-Improvement Boutique.
  3184 | D:4      | Found a sand-covered staircase.
  3197 | Ossuary  | Entered an ossuary
  3210 | Ossuary  | Reached *** piety under Trog
  3314 | Ossuary  | Reached skill level 5 in Armour
  3314 | Ossuary  | Reached XP level 7. HP: 62/62 MP: 6/6
  3756 | D:4      | Reached **** piety under Trog
  3767 | D:4      | Found a staircase to the Ecumenical Temple.
  4033 | D:5      | Entered Level 5 of the Dungeon
  4189 | D:5      | Found an ornate altar of the Wu Jian Council.
  4226 | D:5      | Reached skill level 5 in Dodging
  4391 | D:5      | Reached XP level 8. HP: 65/71 MP: 7/7
  4603 | D:5      | Found a radiant altar of Vehumet.
  4774 | D:6      | Found a blossoming altar of Fedhas.
  4873 | D:6      | Found a stormy altar of Qazlal.
  4941 | D:6      | Found a hide-covered altar of Uskayaw.
  4946 | D:6      | Noticed Edmund
  4963 | D:6      | Killed Edmund
  6014 | D:7      | Reached XP level 9. HP: 81/81 MP: 8/8
  6077 | D:7      | Reached skill level 1 in Maces & Flails
  6337 | D:8      | Reached skill level 1 in Evocations
  6415 | D:8      | Noticed a two-headed ogre
  6416 | D:8      | Noticed a centaur warrior
  6430 | D:8      | Killed a two-headed ogre
  6438 | D:8      | Killed a centaur warrior
  6462 | D:8      | Identified the +3 halberd of Dollaq {protect, MP+9 Dex+2}
  6744 | D:8      | Reached XP level 10. HP: 90/90 MP: 9/9
  7218 | D:9      | Reached skill level 5 in Maces & Flails
  7381 | D:9      | Found a sparkling altar of Nemelex Xobeh.
  7481 | D:9      | Found a transporter.
  7483 | D:9      | Found Ziomy's Jewellery Shop.
  7524 | D:9      | Found a transporter.
  7601 | D:9      | Found a snail-covered altar of Cheibriados.
  7621 | D:9      | Reached ***** piety under Trog
  8222 | D:10     | Entered Level 10 of the Dungeon
  8347 | D:10     | Reached skill level 10 in Axes
  8350 | D:10     | Reached skill level 10 in Fighting
  8358 | D:10     | Reached XP level 11. HP: 70/99 MP: 7/10
  8773 | D:10     | Found a sacrificial altar of Ru.
  9166 | D:11     | Identified the +5 chain mail of Macaroni {rC+ SInv}
  9191 | D:11     | Noticed Lodul
  9436 | D:10     | Killed Lodul
  9446 | D:10     | Reached skill level 10 in Armour
  9617 | D:11     | Reached skill level 5 in Evocations
  9742 | D:11     | Found a runed translucent gate.
  9742 | D:11     | Noticed Uzyj's ghost (journeyman DjCK)
  9743 | D:11     | Found a runed translucent gate.
  9744 | D:11     | Found a runed translucent gate.
  9754 | D:11     | Noticed Maurice
  9760 | D:11     | Maurice stole 12 boomerangs
  9767 | D:11     | Maurice stole an orb of wrath
  9775 | D:11     | Maurice stole 743 gold
  9782 | D:11     | Maurice stole 128 gold
  9789 | D:11     | Maurice stole 193 gold
  9797 | D:11     | Killed Maurice
 10022 | D:11     | Noticed a death yak
 10023 | D:11     | Noticed a death yak
 10025 | D:11     | Noticed a death yak
 10036 | D:11     | Noticed a death yak
 10039 | D:11     | Killed a death yak
 10047 | D:11     | Killed a death yak
 10055 | D:11     | Killed a death yak
 10069 | D:11     | Killed a death yak
 10164 | D:11     | Found a staircase to the Lair.
 10462 | D:11     | Noticed an orange crystal statue
 10523 | D:11     | Noticed a boulder beetle
 10526 | D:11     | Killed an orange crystal statue
 10527 | D:11     | Reached XP level 12. HP: 88/110 MP: 1/11
 10669 | D:11     | Noticed Harold
 10678 | D:11     | Killed Harold
 10903 | D:11     | Noticed a boulder beetle
 10926 | D:11     | Killed a boulder beetle
 10981 | D:11     | Received a gift from Trog
 10995 | D:11     | Killed Uzyj's ghost
 10996 | D:11     | Reached skill level 10 in Dodging
 11282 | D:12     | Noticed a two-headed ogre
 11297 | D:11     | Killed a two-headed ogre
 11305 | D:12     | Noticed a centaur warrior
 11309 | D:12     | Found a staircase to the Orcish Mines.
 11719 | D:12     | Killed a centaur warrior
 11935 | D:12     | Noticed a boulder beetle
 11941 | D:12     | Killed a boulder beetle
 11942 | D:12     | Reached skill level 1 in Polearms
 12012 | D:12     | Noticed Jorgrun
 12034 | D:12     | Killed Jorgrun
 12462 | D:12     | Found a shadowy altar of Dithmenos.
 12818 | D:13     | Noticed Sonja
 12818 | D:13     | Noticed a centaur warrior
 12823 | D:13     | Killed a centaur warrior
 12831 | D:13     | Killed Sonja
 13115 | D:13     | Reached XP level 13. HP: 72/117 MP: 7/12
 13582 | Lair:1   | Entered Level 1 of the Lair of Beasts
 15295 | Lair:2   | Noticed Fannar
 15307 | Lair:2   | Killed Fannar
 15393 | Lair:2   | Noticed Erica
 15403 | Lair:2   | Killed Erica
 16408 | Lair:3   | Noticed Rupert
 16805 | Lair:3   | Found a staircase to the Swamp.
 16886 | Lair:3   | Killed Rupert
 16887 | Lair:3   | Reached skill level 10 in Maces & Flails
 18210 | Lair:3   | Found a staircase to the Snake Pit.
 18349 | Lair:4   | Reached XP level 14. HP: 126/129 MP: 11/13
 18373 | Lair:4   | Found a viscous altar of Jiyva.
 18373 | Lair:4   | Found a staircase to the Slime Pits.
 18394 | Lair:4   | Noticed Kirke
 18404 | Lair:4   | Killed Kirke
 18548 | Lair:4   | Found a runed translucent door.
 18548 | Lair:4   | Found a shimmering altar of Xom.
 18548 | Lair:4   | Noticed Agan's ghost (journeyman MeSh)
 19123 | Lair:4   | Found a hazy altar of Hepliaklqana.
 19445 | Lair:5   | Entered Level 5 of the Lair of Beasts
 19482 | Lair:5   | Received a gift from Trog
 20127 | Lair:5   | Reached skill level 15 in Axes
 20234 | Lair:5   | Identified the staff of True Grit {rPois Stlth+ Poison}
 21008 | Orc:1    | Entered Level 1 of the Orcish Mines
 21274 | Orc:1    | Noticed Erolcha
 21281 | Orc:1    | Killed Erolcha
 21286 | Orc:1    | Found Hugiytz's Distillery.
 21295 | Orc:1    | Bought a potion of heal wounds for 75 gold pieces
 21295 | Orc:1    | Bought 2 potions of curing for 90 gold pieces
 21295 | Orc:1    | Bought 2 potions of heal wounds for 150 gold pieces
 21295 | Orc:1    | Bought a potion of curing for 45 gold pieces
 21379 | Orc:1    | Found a runed translucent door.
 21383 | Orc:1    | Noticed a balrug
 21407 | Orc:1    | Killed a balrug
 21644 | Orc:2    | Entered Level 2 of the Orcish Mines
 21662 | Orc:2    | Noticed an orc warlord
 22018 | Orc:1    | Killed an orc warlord
 22182 | Orc:1    | Reached XP level 15. HP: 112/139 MP: 11/14
 22300 | Orc:2    | Found Xoruliel's Armour Boutique.
 22606 | Orc:2    | Received a gift from Trog
 22653 | Orc:2    | Found a staircase to the Elven Halls.
 23036 | Orc:2    | Found Matyipoero's Book Shoppe.
 23523 | Orc:2    | Found Dunkoih's Antique Weapon Shoppe.
 23549 | Orc:2    | Found Nuax's Assorted Antiques.
 23565 | Orc:2    | Bought a scroll of enchant armour for 300 gold pieces
 23565 | Orc:2    | Bought a scroll of enchant weapon for 300 gold pieces
 23565 | Orc:2    | Bought a lumpy cabochon amulet for 200 gold pieces
 24088 | D:13     | Found Qiezag's Magic Scroll Shoppe.
 24095 | D:13     | Bought a scroll of enchant weapon for 120 gold pieces
 24095 | D:13     | Bought a scroll of teleportation for 48 gold pieces
 24632 | D:14     | Reached skill level 15 in Fighting
 24632 | D:14     | Reached skill level 10 in Evocations
 24710 | D:14     | Noticed Josephine
 24710 | D:14     | Noticed Louise
 24724 | D:14     | Killed Josephine
 24724 | D:14     | Noticed Snorg
 24729 | D:14     | Received a gift from Trog
 24737 | D:14     | Killed Snorg
 24747 | D:14     | Killed Louise
 24748 | D:14     | Reached skill level 15 in Armour
 24783 | D:14     | Identified the +1 leather armour "Hyattid" {Dex+4 SInv}
 24862 | D:14     | Found a gate to the Vaults.
 25205 | D:15     | Entered Level 15 of the Dungeon
 25236 | D:15     | Identified the +7 tower shield of Untruth {-Cast Rampage
                  | rCorr Slay+6}
 25468 | D:15     | Found a staircase to the Depths.
 25468 | D:15     | Noticed a fire giant
 25537 | D:15     | Found a basalt altar of Yredelemnul.
 25743 | D:15     | Killed a fire giant
 26442 | Snake:1  | Entered Level 1 of the Snake Pit
 27229 | Snake:1  | Reached XP level 16. HP: 149/149 MP: 15/15
 27399 | Snake:1  | Identified the serpent talisman of the Other Side {Will+
                  | rCorr Dex+2}
 27399 | Snake:1  | Noticed Aizul
 27411 | Snake:1  | Killed Aizul
 28859 | Snake:2  | Found Qebiol's Jewellery Boutique.
 28859 | Snake:2  | Found Xasig's Book Shoppe.
 28860 | Snake:2  | Found Plog's Jewellery Boutique.
 28867 | Snake:2  | Bought the ring "Zalighiq" {rPois rF+ rC+ Int+6 Slay+2} for
                  | 1392 gold pieces
 29070 | Snake:3  | Noticed Vashnia
 29101 | Snake:3  | Killed Vashnia
 30116 | Snake:4  | Entered Level 4 of the Snake Pit
 30129 | Snake:4  | Reached skill level 15 in Dodging
 30396 | Snake:4  | Noticed Roxanne
 30518 | Snake:4  | Found a frozen archway.
 30527 | IceCv    | Entered an ice cave
 30734 | IceCv    | Reached XP level 17. HP: 155/161 MP: 16/16
 30793 | IceCv    | Reached ****** piety under Trog
 30846 | IceCv    | Identified the ring "Vewilo" {Ice Str+3}
 31075 | IceCv    | Identified the staff of Moaganuosh {rElec rC+ rCorr Dex+3
                  | Ice}
 31413 | Snake:4  | Received a gift from Trog
 31530 | Snake:4  | Reached skill level 1 in Shields
 32523 | Snake:4  | Reached skill level 5 in Shields
 32530 | Snake:4  | Received a gift from Trog
 32645 | Snake:4  | Got a serpentine rune of Zot
 32883 | Snake:4  | Killed Roxanne
 33107 | Swamp:1  | Entered Level 1 of the Swamp
 33615 | Swamp:1  | Received a gift from Trog
 33616 | Swamp:1  | Reached XP level 18. HP: 169/172 MP: 17/17
 34662 | Swamp:3  | Noticed Mara
 34668 | Swamp:3  | Noticed laschroeter's illusion
 34902 | Swamp:3  | Identified a scroll of acquirement
 34917 | Swamp:3  | Acquired a manual of Dodging
 35041 | Swamp:3  | Noticed laschroeter's illusion
 35054 | Swamp:3  | Killed Mara
 35345 | Swamp:3  | Received a gift from Trog
 35404 | Swamp:4  | Entered Level 4 of the Swamp
 35576 | Swamp:4  | Acquired a manual of Armour
 37704 | Swamp:4  | Reached skill level 10 in Shields
 38073 | Swamp:4  | Got a decaying rune of Zot
 38419 | Vaults:1 | Entered Level 1 of the Vaults
 38450 | Vaults:1 | Noticed a lich
 38460 | Vaults:1 | Killed a lich
 38513 | Vaults:1 | Received a gift from Trog
 38820 | Vaults:1 | Reached XP level 19. HP: 173/181 MP: 18/18
 38929 | Vaults:1 | Identified the +1 scale mail of the Moon {rF- Will+ Dex+5}
 39059 | Vaults:1 | Found Rusehim's Weapon Shop.
 39068 | Vaults:1 | Received a gift from Trog
 39292 | Vaults:1 | Found a runed translucent gate.
 39292 | Vaults:1 | Found a runed translucent gate.
 39292 | Vaults:1 | Found a runed translucent gate.
 39293 | Vaults:1 | Noticed Gadrel's ghost (adept TeHW)
 39310 | Vaults:1 | Killed Gadrel's ghost
 40172 | Vaults:2 | Found a staircase to the Crypt.
 40492 | Vaults:2 | Received a gift from Trog
 40999 | Vaults:2 | Identified the serpent talisman of the Volcano {Str+3}
 41470 | Vaults:3 | Reached XP level 20. HP: 184/193 MP: 19/19
 42342 | Vaults:3 | Received a gift from Trog
 42367 | Vaults:3 | Reached skill level 15 in Shields
 42613 | Vaults:4 | Noticed Bai Suzhen
 42624 | Vaults:4 | Killed Bai Suzhen
 43189 | Vaults:4 | Identified the +5 trident of a bazaar {flame, *Slow rPois
                  | rF+ rN+++}
 43873 | Vaults:4 | Received a gift from Trog
 44064 | Vaults:4 | Noticed Boris
 44081 | Vaults:4 | Killed Boris
 44413 | Vaults:5 | Identified the "Equivome"
 44413 | Vaults:5 | Entered Level 5 of the Vaults
 44432 | Vaults:5 | Noticed a dread lich
 44692 | Vaults:5 | Killed a dread lich
 44695 | Vaults:5 | Reached skill level 15 in Evocations
 44702 | Vaults:4 | Reached XP level 21. HP: 105/202 MP: 20/20
 45244 | Vaults:5 | Noticed a dread lich
 45247 | Vaults:5 | Identified the +2 robe of Yesterday {Dex+6}
 45268 | Vaults:5 | Killed a dread lich
 45268 | Vaults:5 | Received a gift from Trog
 45484 | Vaults:5 | Noticed a dread lich
 45706 | Vaults:5 | Identified the staff "Ruebess" {*Corrode rN+ Will+ Dex+7
                  | Necro}
 45759 | Vaults:5 | Killed a dread lich
 45759 | Vaults:5 | Identified the +6 broad axe "Axtogak" {heavy, Str+2} (Trog
                  | gifted it to you on level 5 of the Vaults)
 45759 | Vaults:5 | Received a gift from Trog
 45826 | Vaults:5 | Paralysed by a sphinx for 4 turns
 46054 | Vaults:5 | Found Xoaddosh's Magic Scroll Shop.
 46065 | Vaults:5 | Found Xauvemno's Magic Scroll Shoppe.
 46066 | Vaults:5 | Bought a scroll of teleportation for 72 gold pieces
 46066 | Vaults:5 | Bought a scroll of enchant armour for 180 gold pieces
 46066 | Vaults:5 | Bought a scroll of immolation for 96 gold pieces
 46073 | Vaults:5 | Bought a scroll of teleportation for 36 gold pieces
 46073 | Vaults:5 | Bought a scroll of enchant armour for 90 gold pieces
 46073 | Vaults:5 | Bought a scroll of blinking for 90 gold pieces
 46073 | Vaults:5 | Bought a scroll of enchant armour for 90 gold pieces
 46073 | Vaults:5 | Bought a scroll of enchant weapon for 90 gold pieces
 46073 | Vaults:5 | Bought a scroll of brand weapon for 114 gold pieces
 46162 | Vaults:5 | Identified the +1 pair of boots of Rivag {Drain rCorr
                  | Dex+4}
 46245 | Vaults:5 | Got a silver rune of Zot
 46398 | Vaults:5 | Identified the +4 dagger of the Wasteland {heavy, rF+
                  | Dex+4}
 46592 | Vaults:5 | Found Rilosis's Distillery.
 46597 | Vaults:5 | Bought a potion of curing for 39 gold pieces
 46597 | Vaults:5 | Bought a potion of resistance for 130 gold pieces
 46597 | Vaults:5 | Bought a potion of heal wounds for 65 gold pieces
 46597 | Vaults:5 | Bought a potion of curing for 39 gold pieces
 47086 | Crypt:1  | Identified the "Saux"
 47086 | Elf:1    | Entered Level 1 of the Elven Halls
 47343 | Elf:1    | Reached XP level 22. HP: 192/214 MP: 21/21
 47344 | Elf:1    | Gained mutation: You are vulnerable to heat. (rF-) [a
                  | neqoxec]
 47347 | Elf:1    | Received a gift from Trog
 47466 | Elf:1    | Found a runed translucent gate.
 47466 | Elf:1    | Found a runed translucent gate.
 47466 | Elf:1    | Found a runed translucent gate.
 47466 | Elf:1    | Found a runed translucent gate.
 47466 | Elf:1    | Found a runed translucent gate.
 47468 | Elf:1    | Found a runed translucent gate.
 47635 | Elf:1    | Found an ancient bone altar of Kikubaaqudgha.
 47655 | Elf:1    | Paralysed by an air elemental for 1 turns
 47911 | Elf:1    | Received a gift from Trog
 48189 | Elf:2    | Paralysed by an air elemental for 1 turns
 48725 | Elf:2    | Found a huge runed translucent gate.
 48725 | Elf:2    | Found a huge runed translucent gate.
 48736 | Elf:2    | Found a huge runed translucent gate.
 48876 | Elf:2    | Found a huge runed translucent gate.
 48876 | Elf:2    | Found a huge runed translucent gate.
 48882 | Elf:2    | Identified the +10 mace "Jelly's Death" {antimagic, rF+
                  | Dex+3} (Trog gifted it to you on level 2 of the Elven
                  | Halls)
 48882 | Elf:2    | Received a gift from Trog
 49524 | Elf:3    | Identified the of Hyfausmoeru
 49524 | Elf:3    | Identified the "Tilocuor"
 49524 | Elf:3    | Identified the "Wifoasuc"
 49524 | Elf:3    | Entered Level 3 of the Elven Halls
 49778 | Elf:3    | Found Ekkut's Antique Weapon Emporium.
 49824 | Elf:3    | Identified the +7 war axe of the Briny Deep {flame, rC+
                  | Str+3} (Trog gifted it to you on level 3 of the Elven
                  | Halls)
 49824 | Elf:3    | Received a gift from Trog
 49846 | Abyss:2  | Cast into level 2 of the Abyss (a ghostly deep elf
                  | demonologist)
 50052 | Abyss:2  | Gained mutation: You are dopey. (Int -2) [a neqoxec]
 50227 | Elf:3    | Escaped the Abyss
 50363 | Elf:3    | Identified the +5 plate armour of Lies {Rampage +Blink
                  | Will++ Dex+4}
 50392 | Elf:3    | Identified the staff "Newtslayer" {rN+ Dex+6 Necro}
 50590 | Elf:3    | Found the +3 salamander hide armour {Flames, rFlCloud rF++
                  | rC--}
 50613 | Elf:3    | Identified the +0 flail of Friendship {spect, *Corrode
                  | rPois rN+}
 50674 | Elf:3    | Identified the +11 falchion of Qasepn {holy, rElec}
 50675 | Elf:3    | Identified the ring "Itanoump" {+Blink Fly rElec Will-
                  | AC+4}
 50745 | Elf:3    | Noticed Donald
 50754 | Elf:3    | Killed Donald
 51435 | Depths:1 | Entered Level 1 of the Depths
 51436 | Depths:1 | Found a shimmering blue altar of Sif Muna.
 51468 | Depths:1 | Noticed Norris
 51484 | Depths:1 | Killed Norris
 51611 | Depths:1 | Reached XP level 23. HP: 224/225 MP: 22/22
 51629 | Depths:1 | Found a gateway to Hell.
 51721 | Depths:1 | Acquired 898 gold pieces
 51771 | Depths:1 | Found a one-way gate to the infinite horrors of the Abyss.
 52151 | Depths:2 | Received a gift from Trog
 52163 | Depths:2 | Noticed Sojobo
 52176 | Depths:2 | Paralysed by an air elemental for 1 turns
 52184 | Depths:2 | Paralysed by an air elemental for 1 turns
 52187 | Depths:2 | Paralysed by an air elemental for 1 turns
 52198 | Depths:2 | Killed Sojobo
 52678 | Depths:2 | Noticed the Enchantress
 52710 | Depths:2 | Killed the Enchantress
 52813 | Depths:2 | Found a one-way gate leading to the halls of Pandemonium.
 53320 | Depths:3 | Noticed Boris
 53337 | Depths:3 | Killed Boris
 53389 | Depths:3 | Received a gift from Trog
 53661 | Depths:3 | Noticed a caustic shrike
 53683 | Depths:3 | Killed a caustic shrike
 53842 | Depths:3 | Found Siwar Lyi's Book Shop.
 53877 | Depths:3 | Found a one-way gateway to a ziggurat.
 54073 | Depths:3 | Found an ancient bone altar of Kikubaaqudgha.
 54135 | Depths:4 | Entered Level 4 of the Depths
 54238 | Depths:4 | Received a gift from Trog
 54253 | Depths:4 | Found a gate to the Realm of Zot.
 54288 | Depths:4 | Found a flickering gateway to a bazaar.
 54296 | Bazaar   | Entered a bazaar
 54296 | Bazaar   | Found Nejoc's Armour Shop.
 54303 | Bazaar   | Found Liseg's Weapon Shop.
 54330 | Bazaar   | Found Lonoahyi's Antique Weapon Shoppe.
 54338 | Bazaar   | Found Unaen's Armour Boutique.
 54342 | Bazaar   | Found Ygiryf's Armour Shop.
 54690 | Depths:4 | Noticed Saint Roka
 54704 | Depths:4 | Reached XP level 24. HP: 156/243 MP: 22/22
 54723 | Depths:4 | Killed Saint Roka
 55368 | Crypt:1  | Entered Level 1 of the Crypt
 55577 | Crypt:1  | Identified the +6 hand axe "Heakooq" {heavy, rElec rPois
                  | Str-5} (Trog gifted it to you on level 1 of the Crypt)
 55577 | Crypt:1  | Received a gift from Trog
 56566 | Crypt:2  | Found a basalt altar of Yredelemnul.
 57271 | Crypt:3  | Entered Level 3 of the Crypt
 57358 | Crypt:3  | Received a gift from Trog
 57583 | Crypt:3  | Noticed Margery
 57597 | Crypt:3  | Killed Margery
 58093 | Crypt:3  | Identified the +7 morningstar of Autumn {heavy, rPois rC+
                  | Dex-3}
 58819 | Crypt:3  | Noticed Khufu
 58819 | Crypt:3  | Noticed a royal mummy
 58836 | Crypt:3  | Killed a royal mummy
 58850 | Crypt:3  | Killed Khufu
 58978 | Crypt:3  | Found a basalt altar of Yredelemnul.
 58982 | Crypt:3  | Identified the +2 broad axe of Oxkireiz {antimagic, Fly
                  | rPois rC+ Str-5} (Trog gifted it to you on level 3 of the
                  | Crypt)
 58982 | Crypt:3  | Received a gift from Trog
 59062 | Crypt:3  | Found a staircase to the Tomb.
 59549 | Zot:1    | Identified the "Jangem"
 59549 | Slime:1  | Entered Level 1 of the Pits of Slime
 59586 | Slime:1  | You fall into a shaft and drop 1 floor!
 59603 | Slime:2  | Reached XP level 25. HP: 245/253 MP: 22/22
 59640 | Slime:1  | Gained mutation: Your body sometimes deteriorates upon
                  | taking damage. [a shining eye]
 60301 | Slime:3  | Gained mutation: Your magical capacity is low. (-10% MP) [a
                  | shining eye]
 60304 | Slime:3  | Gained mutation: You are very vulnerable to heat. (rF--) [a
                  | shining eye]
 60305 | Slime:3  | Reached skill level 27 in Fighting
 60306 | Slime:3  | Gained mutation: You occasionally shout uncontrollably at
                  | your foes. [a shining eye]
 60928 | Slime:5  | Entered Level 5 of the Pits of Slime
 60965 | Slime:5  | Received a gift from Trog
 60970 | Slime:5  | Reached skill level 27 in Armour
 61063 | Slime:5  | Noticed the Royal Jelly
 61100 | Slime:5  | Gained mutation: Your spells are a little easier to cast,
                  | but a little less powerful. [a shining eye]
 61108 | Slime:5  | Gained mutation: You occasionally lose the ability to drink
                  | potions when taking damage. [a shining eye]
 61231 | Slime:5  | Killed the Royal Jelly
 61640 | Slime:5  | Identified the ring of Xom's Ringing Laughter {Str+4 Dex+6}
 61661 | Slime:5  | Got a slimy rune of Zot
 61677 | Slime:5  | Identified the +9 war axe "Derror" {flame, Str+3}
 61692 | Slime:5  | Identified the +6 war axe "Ceamysott" {drain, rPois}
 61704 | Slime:5  | Identified the ring of Lyorch {rPois rF+ rN+ MP+9 Str+3}
 61718 | Slime:5  | Identified the +0 robe of Duydooh {Int+4}
 62061 | Zot:1    | Entered Level 1 of the Realm of Zot
 62294 | Zot:1    | Received a gift from Trog
 62482 | Zot:1    | Found a runed translucent door.
 62482 | Zot:1    | Noticed Heerchaexodu's ghost (veteran OgBe)
 63203 | Zot:1    | Noticed an orb of fire
 63220 | Zot:1    | Gained mutation: Your magical capacity is very low. (-20%
                  | MP) [an orb of fire]
 63223 | Zot:1    | Killed from afar by an orb of fire

Illustrated notes

Levels and vault maps discovered:
D:1:      doesnt_arrival_eight_statues, layout_basic
D:2:      layout_loops_ring, basic_altar, basic_ecumenical_altar,
          minmay_door_square, corexii_shack, grunt_decor_fettered, uniq_sigmund
D:3:      layout_loops_corners, mainiacjoe_overflow_boulevard,
          serial_park_tiny_1
D:4:      layout_basic, temple_hall, nicolae_ossuary_entry_monument,
          minmay_stone_trees_small, nicolae_shop_self_help
D:5:      nicolae_BIG_FREAKIN_CUBE, layout_basic, nicolae_vehumet_altar_sigil,
          nicolae_wu_jian_wuxing_cycle
D:6:      layout_cave_pods, nicolae_uskayaw_murder_on_the_dancefloor,
          mainiacjoe_overflow_alcove_2, general_overflow_altar, uniq_edmund
D:7:      layout_rooms
D:8:      layout_loops_ring, st_stairs_4, minmay_radiant
D:9:      layout_long_grid, mainiacjoe_overflow_tiny_flanked,
          overflow_temple_1_default, serial_shops, nicolae_shop_drivethru,
          kennysheep_generic_room_11
D:10:     layout_loops_ring, mainiacjoe_overflow_alcove_4
D:11:     layout_roguey, dpeg_lair_monsters, biasface_ghost_orc_armoury,
          minmay_protected_statue, uniq_maurice, uniq_harold, uniq_lodul
D:12:     nicolae_whirlpool, layout_long_grid, orc_david_3,
          grunt_dithmenos_shadows, uniq_jorgrun
D:13:     layout_basic, serial_glass, glass_columns_c, glass_columns_a,
          serial_shops, nicolae_shop_crystal, chequers_serial_rivers_micro_e,
          uniq_sonja
D:14:     layout_rooms, hellmonk_vaults_attempted_burglary, uniq_josephine,
          uniq_louise, uniq_snorg
D:15:     grunt_enter_depths_giant_problem, layout_cave_pods, drop_trap,
          yredelemnul_altar_generic
Lair:1:   minmay_lair_oklob_chamber, layout_layer_cave
Lair:2:   layout_cave_pods, small_statue_intersection, grunt_megastairs_3,
          lemuel_fruit_fields, uniq_erica, uniq_fannar
Lair:3:   layout_roguey, skrybe_swamp_entry_bodies, alex1729_snake_entry_snake,
          st_stairs_8, kennysheep_rathole, uniq_rupert
Lair:4:   layout_hall_layers, slime_entry_1, ebering_ghost_xom,
          lemuel_centaur_altar, uniq_kirke
Lair:5:   due_jungle_book, layout_cave_shapes, lemuel_fruit_fields
Swamp:1:  layout_falls_marsh, evilmike_swamp_ruin_house_3, swamp_pool_3,
          nicolae_swamp_soggy_hallways, infiniplex_staircase_pool_2
Swamp:2:  layout_basic_swamp, nicolae_swamp_some_circles,
          infiniplex_staircase_pool
Swamp:3:  layout_basic_swamp, evilmike_swamp_ruin_house_2, swamp_pool_5,
          uniq_mara
Swamp:4:  swamp_basic_johnstein, layout_basic_swamp, swamp_pool_1_2
Snake:1:  layout_chambers, grunt_megastairs_1, uniq_aizul
Snake:2:  layout_misc_corridors, minmay_shop_grove
Snake:3:  layout_layer_cave, uniq_vashnia
Snake:4:  snake_pit_salamanders_mu, layout_layer_cave,
          portal_ice_cave_entry_pillars_2, grunt_megastairs_4, uniq_roxanne
Slime:1:  layout_caves
Slime:2:  layout_caves, nicolae_slime_phagocytosis
Slime:3:  layout_caves
Slime:4:  layout_caves, cheibrodos_slime_lost_civilization_4
Slime:5:  slime_pit_nicolae_royal_road_to_ruin
Orc:1:    dreamdust_dug_too_deep, layout_caves, serial_shops,
          nicolae_shop_hallway_plus, rock_pile, uniq_erolcha
Orc:2:    hellmonk_orc_salted, layout_diamond_mine
Elf:1:    layout_geoelf_octagon, basic_altar, orc_legates, st_stairs_1
Elf:2:    elven_hall_of_blades_hangedman_alternative
          [nicolae_blade_entry_pointy_end], layout_geoelf_diagonals,
          nicolae_elf_vaults_five_recruitment_drive
Elf:3:    grunt_elf_hall_branching, layout_onion_city, serial_shops,
          nicolae_shop_crystal, uniq_donald
Vaults:1: gammafunk_ghost_spectres, st_lattice, grunt_vaults_funnel,
          ontoclasm_vaults_pinch, vaults_dpeg_ring, nicolae_vaults_wrenched,
          v_misc_18, hangedman_vaults_unwind, nicolae_vaults_mini_display_case,
          nicolae_vaults_diagonal_hallway_6, layout_vaults_maze_bifur,
          serial_shops, shop
Vaults:2: nicolae_vaults_tangram_1, v_misc_28, grunt_vaults_diagonal,
          nicolae_vaults_mitosis, vaults_standard_mumra_lines,
          nicolae_vaults_trapezoid_4, v_pattern_2, nicolae_vaults_weapon_check,
          vaults_mumra_chevron, nicolae_vaults_network_periphery,
          ontoclasm_vaults_shout, nicolae_vaults_trapezoid_lopsided_4,
          ontoclasm_vaults_loading_screen, v_alt_pattern_1,
          layout_vaults_omnicross
Vaults:3: v_alt_pattern_4, nicolae_vaults_double_plus_1,
          nicolae_vaults_apartment_1, grunt_vaults_focal,
          nicolae_vaults_closet_pinwheel_1, nicolae_vaults_trapezoid_lopsided_1,
          nicolae_vaults_security_offices_4, layout_vaults_omnigrid
Vaults:4: nicolae_vaults_statue_guard, nicolae_vaults_octothorpe,
          grunt_vaults_swirl, nicolae_vaults_trapezoid_lopsided_2, v_pattern_4,
          hangedman_vaults_maws, v_misc_30, vaults_standard_mumra_x, v_misc_14,
          layout_vaults_chaotic_city, uniq_boris, uniq_bai_suzhen
Vaults:5: serial_shops
Crypt:1:  layout_gridlike, minivault_11, minivault_26, chequers_big_river,
          columned_hall_lemuel
Crypt:2:  layout_basic, serial_glass, glass_columns_b, glass_columns_b,
          moated_statue, hangedman_blasphemy
Crypt:3:  evilmike_haunted_forest, uniq_khufu, uniq_margery
Depths:1: layout_small_grid, hangedman_abyss_or_decor_stabs,
          pf_hell_entry_tar_river, abyss_entry, minmay_misc_feat_ornament,
          nicolae_sif_muna_condensation, uniq_norris
Depths:2: hellmonk_destroyed_diamonds, layout_basic, grunt_pan_entry_zigzag,
          lightli_too_deep, uniq_sojobo, uniq_enchantress
Depths:3: minmay_the_grid_triangle_9x9_rhombus_thin_mashed
          [minmay_the_grid_triangle_9x9_zippers_vertical,
          minmay_the_grid_triangle_9x9_prize_schism,
          minmay_the_grid_triangle_9x9_warning,
          minmay_the_grid_triangle_9x9_corrupted_corridor], layout_cave_pools,
          enter_ziggurat_b, serial_shops, shop, minmay_room_of_horrors,
          hangedman_coc_ice_floe, nrook_mini_vaults,
          lemuel_zombie_altar_kikubaaqudgha
Depths:4: grunt_crosshair, layout_cross, serial_column_ruins,
          column_ruins_hut_pillars, column_ruins_columns_straight,
          column_ruins_open_small, column_ruins_columns_straight,
          column_ruins_grid_1, column_ruins_open_small, grunt_pan_entry_spiral,
          serial_shops, freezing_bzr, minmay_misc_feat_roman, hell_entry,
          uniq_saint_roka
Zot:1:    kennysheep_oblong_rooms, layout_onion, gammafunk_ghost_grave,
          hangedman_zot_wheel_spokes, uniq_josephina

Skill      XL: |  1  2  3  4  5  6  7  8  9 10 11 12 13 14 15 16 17 18 19 20 21 22 23 24 25 |
---------------+----------------------------------------------------------------------------+-----
Fighting       | 4 5 6 7 8 10 11 12 13 14 15 17 18 19 20 21 23 25 26 27 | 27.0
Axes           | 4 5 6 7 9 10 11 13 15 17 | 17.4
Armour         | 3 4 5 6 7 8 9 10 12 13 14 15 16 18 19 20 22 23 24 25 26 27 | 27.0
Dodging        | 3 4 5 6 7 8 9 10 11 12 14 15 16 17 19 20 22 23 24 25 26 | 26.1
Maces & Flails | 4 6 7 8 10 11 | 11.2
Evocations     | 2 4 5 7 8 9 10 11 12 13 14 15 16 | 16.2
Polearms       | 3 |  3.3
Shields        | 7 11 14 16 17 19 20 22 23 | 23.5

Action                     |  1- 3 |  4- 6 |  7- 9 | 10-12 | 13-15 | 16-18 | 19-21 | 22-24 | 25-27 || total
---------------------------+-------+-------+-------+-------+-------+-------+-------+-------+-------++-------
  Melee: Hand axe          |    77 |   125 |   216 |   481 |       |       |       |       |       ||   899
         Headbutt          |     8 |    31 |    50 |   127 |   175 |   258 |   315 |   585 |   218 ||  1767
         Punch             |       |     2 |     3 |    10 |       |       |       |       |       ||    15
         Bardiche          |       |       |       |    53 |   357 |       |       |       |       ||   410
         Morningstar       |       |       |       |    45 |       |       |       |       |       ||    45
         Executioner's axe |       |       |       |       |   442 |    14 |       |       |       ||   456
         Broad axe         |       |       |       |       |    82 |  1088 |   983 |  1717 |   533 ||  4403
 Invoke: Berserk           |       |     2 |     5 |     6 |     9 |     9 |     1 |       |       ||    32
         Trog's Hand       |       |       |       |     9 |     7 |     7 |     6 |     7 |       ||    36
         Brothers in Arms  |       |       |       |     2 |     4 |     2 |     4 |    10 |     2 ||    24
Ability: Evoke Blink       |       |       |       |       |       |       |       |     2 |     1 ||     3
  Evoke: Wand              |       |       |     5 |    40 |     2 |     8 |       |     6 |       ||    61
         Phial of floods   |       |       |       |       |       |       |     2 |       |       ||     2
         Phantom mirror    |       |       |       |       |       |       |       |     2 |     1 ||     3
         Box of beasts     |       |       |       |       |       |       |       |     1 |     1 ||     2
         Tin of tremorston |       |       |       |       |       |       |       |     1 |       ||     1
         Lightning rod     |       |       |       |       |       |       |       |       |     1 ||     1
    Use: Scroll            |     1 |     1 |     6 |    11 |    26 |    12 |     8 |    11 |     4 ||    80
         Potion            |       |     1 |       |     7 |     7 |     3 |    10 |    11 |     3 ||    42
   Stab: Distracted        |     1 |       |       |       |       |       |     1 |     1 |     1 ||     4
         Sleeping          |     1 |       |       |       |       |       |       |       |       ||     1
         Paralysed         |       |       |       |       |       |       |       |     1 |       ||     1
 Armour: Animal skin       |    36 |       |       |       |       |       |       |       |       ||    36
         Chain mail        |    11 |    40 |       |   296 |   940 |  1024 |   759 |   167 |       ||  3237
         Plate armour      |       |    39 |   179 |   164 |       |       |       |   470 |   293 ||  1145
         Skin              |       |       |       |    68 |       |       |       |    70 |       ||   138
  Dodge: Dodged            |    36 |    50 |   153 |   451 |  1097 |   505 |   408 |   472 |   220 ||  3392
  Block: Tower shield      |       |       |       |       |    56 |  1137 |  1131 |  1686 |   598 ||  4608

Table legend: (Time is in decaauts)
 A = Elapsed time spent in this place.
 B = Non-inter-level travel time spent in this place.
 C = Inter-level travel time spent in this place.
 D = Time resting spent in this place.
 E = Time spent auto-exploring this place.
 F = Levels seen in this place.
 G = Mean time per level.
                   A        B        C        D        E       F      G
               +--------+--------+--------+--------+--------+-----+--------+
         Total |  63375 |  57716 |   5659 |  13837 |  29952 |  55 | 1152.3 |
       Dungeon |  16608 |  14900 |   1708 |   2827 |   9042 |  15 | 1107.2 |
          Lair |   8150 |   7238 |    912 |   2246 |   3532 |   5 | 1630.0 |
         Swamp |   5440 |   5235 |    205 |   2399 |   1753 |   4 | 1360.0 |
     Snake Pit |   5805 |   5268 |    537 |    942 |   3267 |   4 | 1451.2 |
    Slime Pits |   2191 |   2097 |     94 |    179 |   1177 |   5 |  438.2 |
  Orcish Mines |   2774 |   2488 |    286 |    886 |   1172 |   2 | 1387.0 |
   Elven Halls |   3854 |   3416 |    438 |    535 |   2030 |   3 | 1284.7 |
        Vaults |   8532 |   7724 |    808 |   2071 |   3488 |   5 | 1706.4 |
         Crypt |   3843 |   3577 |    266 |    602 |   2026 |   3 | 1281.0 |
        Depths |   3824 |   3425 |    399 |    497 |   1898 |   4 |  956.0 |
           Zot |    966 |    966 |      0 |    325 |    359 |   1 |  966.0 |
         Abyss |    367 |    367 |      0 |      0 |    146 |   1 |  367.0 |
        Bazaar |     73 |     73 |      0 |      0 |      0 |   1 |   73.0 |
       Ossuary |    230 |    230 |      0 |      0 |      0 |   1 |  230.0 |
      Ice Cave |    712 |    712 |      0 |    324 |     59 |   1 |  712.0 |
               +--------+--------+--------+--------+--------+-----+--------+

Top non-repeatable levels by time:
 Swamp:4: 2852 daAuts
  Lair:3: 2594 daAuts
Vaults:4: 2247 daAuts
 Snake:4: 2190 daAuts
 Crypt:3: 1944 daAuts
Vaults:5: 1938 daAuts
    D:11: 1911 daAuts
    D:12: 1773 daAuts
Vaults:2: 1691 daAuts
   Orc:2: 1683 daAuts
    D:13: 1654 daAuts
 Snake:1: 1562 daAuts
  Lair:5: 1471 daAuts
  Lair:1: 1458 daAuts
Vaults:1: 1450 daAuts
